 Dungeon Crawl Stone Soup version 0.29.0-5-ge4962eb29e (webtiles) character file.

Game seed: 11464513007005637282

39 sanka the Insei (level 3, 0/46 HPs)
             Began as a Meteoran Delver on Aug 28, 2022.
             Killed from afar by Sigmund (13 damage)
             ... with a puff of flame
             ... on level 2 of the Dungeon.
             The game lasted 00:05:58 (1211 turns).

sanka the Insei (Meteoran Delver)                   Turns: 1211, Time: 00:05:58

Health: 0/46       AC:  7    Str: 14 (15) XL:     3   Next: 94%
Magic:  4/4        EV: 11    Int: 10 (11) God:
Gold:   73         SH:  0    Dex: 13 (16) Spells: 2/2 levels left

rFire   . . .      SeeInvis .     - Unarmed
rCold   . . .      Faith    .   (no shield)
rNeg    . . .      Spirit   .   p - +0 ring mail
rPois   .          Reflect  .   j - +0 helmet
rElec   .          Harm     .   (no cloak)
rCorr   .          Rampage  .   e - +0 pair of gloves
Will    .....                   (no boots)
Stlth   ..........              (no amulet)
HPRegen 0.15/turn               (no ring)
MPRegen 0.09/turn               (no ring)

@: berserking (expiring), attractive, flying, glowing, very quick
A: sense surroundings 1, otherworldly, glowing, explore regen
a: no special abilities


You were on level 2 of the Dungeon.
You visited 1 branch of the dungeon, and saw 5 of its levels.

You collected 73 gold pieces.


Innate Abilities, Weirdness & Mutations

You passively map a small area around you.
You are easily found by Zot.
You glow in the dark.
You regain HP and MP as you explore.


   Skills:
 - Level 3.2 Fighting
 - Level 2.4 Dodging
 - Level 3.7 Stealth
 + Level 4.5 Unarmed Combat


You had 2 spell levels left.
You didn't know any spells.
Your spell library was empty.

Inventory:

Missiles
 g - 12 stones (quivered)
Armour
 a - a +0 leather armour
 e - a +0 pair of gloves (worn)
 j - a +0 helmet (worn)
 p - a +0 ring mail (worn)
Wands
 f - a wand of digging (2)
Scrolls
 b - 2 scrolls of fog
 c - 2 scrolls of magic mapping
 i - a scroll of amnesia
 l - a scroll of summoning {unknown}
 o - a scroll of brand weapon {unknown}
 q - a scroll of immolation {unknown}
Potions
 d - 2 potions of flight
 n - a potion of haste {@q3}

Dungeon Overview and Level Annotations

Branches:
Dungeon (5/15) Zot: 1811
 Temple: D:4-7

Altars:

Shops:
D:3 [   D:4 (

Annotations:
D:2 Sigmund

▒.▒▒.▒▒▒......... .
▒. ▒.▒ ▒.....▒▒▒.▒▒
▒. ▒.▒ ▒...........
▒.░▒.▒▒▒.....▒▒▒ ▒
▒.░▒........... , ▒
▒.▒▒........... ▒..
▒.▒...▒.▒▒.▒▒▒▒,▒.▒
▒..▒........▒ ▒
▒.p{g.▒.▒▒.▒▒ ░
▒▒▒▒...▒▒ ...
▒..▒▒░ ▒▒▒▒ ▒..▒ ▒
░ ▒. ▒..▒▒▒.▒▒░░
▒.. ▒........ , ..
▒▒........ , ...
▒...▒▒▒... ..
▒..▒▒▒▒.▒▒▒ ░ ▒▒.


You could see a goblin.


Message History

You kill the hobgoblin!
The goblin shoots a sling bullet.
The sling bullet hits you. Something is attracted toward you.
You miss something. You miss something. Something hits you.
The goblin shoots a sling bullet.
The sling bullet closely misses you.
You miss something.
The goblin shoots a sling bullet.
The sling bullet hits you but does no damage.
You hit something but do no damage. Something hits you.
You completely miss something.
The goblin shoots a sling bullet.
You completely miss something.
You hear some strange, mumbled words.
A puff of flame appears from out of thin air!
The puff of flame hits you!
* * * LOW HITPOINT WARNING * * *
You closely miss something.
The goblin shoots a sling bullet.
The sling bullet hits you.
* * * LOW HITPOINT WARNING * * *
You hit something.
You hear some strange, mumbled words.
A puff of flame appears from out of thin air!
The puff of flame hits you!
You die...

Action                   || total
-------------------------++-------
Melee: Unarmed           ||   105
       Punch             ||     4
Evoke: Wand              ||     1
  Use: Potion            ||     5
       Scroll            ||     2
 Stab: Sleeping          ||     3
Armor: Leather armour    ||    29
       Ring mail         ||    18
Dodge: Dodged            ||    47

Levels and vault maps discovered:
D:1:      dpeg_arrival_central, layout_basic,
          dreamdust_ecumenical_altar_angels_and_demons, patterned_corridor
D:2:      layout_loops_ring, minivault_4, uniq_sigmund
D:3:      layout_basic, chequers_temple_overflow_statue_of_worship,
          serial_shops, shop_fountains, nicolae_shop_overgrown_old_shop
D:4:      layout_loops_cross, lemuel_zombie_altar_yredelemnul, serial_shops,
          nicolae_stop_n_shop_2, shop, shop, nicolae_shop_trees,
          wad_floor_pattern_untrapped, minmay_misc_feat_enclosed,
          grunt_ministairs_9, uniq_robin, uniq_duvessa
D:5:      gammafunk_cloud_chamber, layout_basic, serial_rivers,
          chequers_serial_rivers_small_3, chequers_serial_rivers_micro_d,
          chequers_serial_rivers_marsh, chequers_serial_rivers_micro_c,
          uniq_edmund, uniq_blork_the_orc, uniq_grinder

Notes
Turn   | Place    | Note
-------+----------+-------------------------------------------
     0 | D:5      | sanka the Meteoran Delver began the quest for the Orb.
     0 | D:5      | Reached XP level 1. HP: 19/19 MP: 2/2
    25 | D:5      | Noticed a scorpion
    28 | D:4      | Noticed a scorpion
    48 | D:4      | Found Kiobius's Antique Weapon Emporium.
   110 | D:3      | Noticed an orc wizard
   203 | D:1      | Reached skill level 3 in Unarmed Combat
   203 | D:1      | Reached XP level 2. HP: 26/26 MP: 3/3
   220 | D:1      | Found a faded altar of an unknown god.
   382 | D:1      | Reached XP level 3. HP: 28/31 MP: 4/4
   432 | D:1      | Reached skill level 4 in Unarmed Combat
   690 | D:2      | Noticed Sigmund
   930 | D:3      | Found Fapryrph's Armour Shoppe.
  1211 | D:2      | Killed from afar by Sigmund

Vanquished Creatures
  2 dart slugs (D:1)
  2 endoplasms (D:1)
  4 giant cockroaches (D:1)
  6 hobgoblins
  2 jackals (D:1)
  2 kobolds (D:2)
  3 ball pythons
  2 bats
  5 frilled lizards
  A goblin (D:1)
  3 rats
32 creatures vanquished.
